 Dungeon Crawl Stone Soup version 0.23-a0-419-g0174fd8 (webtiles) character file.

191 Danwar the Poker (level 5, -2/33 HPs)
             Began as a Tengu Monk on Nov 11, 2018.
             Slain by Pikel
             ... wielding a +2 whip of flaming
              (6 damage)
             ... on level 4 of the Dungeon.
             The game lasted 00:18:35 (2937 turns).

Danwar the Poker (Tengu Monk)                       Turns: 2937, Time: 00:18:36

Health: -2/33      AC: 13    Str: 11    XL:     5   Next: 70%
Magic:  6/6        EV:  8    Int: 11    God:
Gold:   127        SH:  5    Dex: 21    Spells: 4/4 levels left

rFire    + . .     SeeInvis .   a - +1 spear
rCold    . . .     Gourm    .   (no shield)
rNeg     + + .     Faith    .   z - +2 chain mail {rF+}
rPois    .         Spirit   .   (helmet restricted)
rElec    +         Reflect  +   (no cloak)
rCorr    .         Harm     .   m - +0 pair of gloves
MR       +....                  (boots unavailable)
Stlth    +.........             h - +5 amulet of reflection
HPRegen  0.51/turn              C - ring of protection from magic
MPRegen  0.10/turn              B - ring "Paeng" {*Slow rElec rN++ Dex+4 Stlth+}

@: flying quickly and evasively, very slightly contaminated, invisible, quick
A: beak, talons 3, slimy green scales 1, blink, regeneration 1, able to fly 1
a: Blink


You were on level 4 of the Dungeon.
You were not hungry.

You visited 1 branch of the dungeon, and saw 4 of its levels.

You collected 127 gold pieces.

Inventory:

Hand Weapons
 a - a +1 spear (weapon)
 d - a +0 short sword
 u - a +0 hand axe of freezing
Armour
 b - a +0 robe
 i - a +0 robe
 k - a +0 ring mail
 m - a +0 pair of gloves (worn)
 r - a +0 leather armour
 s - a +0 chain mail
 z - a +2 chain mail of fire resistance (worn)
Jewellery
 h - a +5 amulet of reflection (around neck)
 p - an uncursed ring of poison resistance
 y - an uncursed ring of magical power
 B - the ring "Paeng" (right hand) {*Slow rElec rN++ Dex+4 Stlth+}
   (You found it on level 4 of the Dungeon)

   [ring of dexterity]

   It affects your dexterity (+4).
   It insulates you from electricity.
   It greatly protects you from negative energy.
   It may slow you when you take damage.
   It makes you more stealthy.
 C - a ring of protection from magic (left hand)
Scrolls
 e - a scroll of enchant weapon
 j - 4 scrolls of teleportation
 l - 2 scrolls of identify {unknown}
 n - a scroll of noise {unknown}
 o - a scroll of remove curse
 w - a scroll of fear
 x - a scroll of enchant armour {unknown}
Potions
 f - a potion of lignification {unknown}
 g - a potion of heal wounds {unknown}
 v - a potion of flight
Comestibles
 c - 4 rations


   Skills:
 + Level 3.9 Fighting
 + Level 4.6 Polearms
 + Level 1.1 Armour
 + Level 4.3 Dodging
 + Level 3.1 Stealth


You had 4 spell levels left.
You didn't know any spells.
Your spell library was empty.

Dungeon Overview and Level Annotations

Branches:
Dungeon (4/15)
 Temple: D:4-7

Altars:
Fedhas
Trog

Annotations:
D:4 Pikel


Innate Abilities, Weirdness & Mutations

You have a beak for a mouth.
You have claws for feet.
You can fly.
You are partially covered in slimy green scales. (AC +2)
You can translocate small distances at will.
Your natural rate of healing is unusually fast.


Message History

You completely miss Pikel. Pikel hits you but does no damage.
The slave barely misses you.
You closely miss Pikel. Your kick misses Pikel.
Pikel hits you but does no damage. The slave hits you but does no damage.
You hit Pikel. You claw Pikel, but do no damage.
Pikel is lightly wounded.
Pikel hits you with a +2 whip of flaming.
* * * LOW HITPOINT WARNING * * *
Pikel burns you.
* * * LOW HITPOINT WARNING * * *
It was a potion of invisibility.
You fade into invisibility!
The slave barely misses you. Pikel hits you but does no damage.
You are very lightly contaminated with residual magic.
It was a potion of mutation.
You feel extremely strange.
Slimy green scales grow over part of your body.
You feel jittery.
You begin to heal more quickly.
The slave barely misses you.
Pikel hits you with a +2 whip of flaming.
You die...

#.#..# #.#..# #. #.
#.#..# #.#. #.#
#.#..#..#.# #.#.
#)#..#.#.#. #.#.#
#.#..#..#.# #.#.#
##.#....#.# #p#.#
#........#.#K#.#
#..........@..$#
####..#####p######.
#...............
#..#...#.#######
#..#...#.#
#.##...#.#
#........#
####...### #...#


You could see Pikel and 2 slaves.

Vanquished Creatures
  Terence (D:3)
  Jessica (D:2)
  2 worker ants (D:4)
  3 adders
  An ooze (D:3)
  3 leopard geckos
  3 orcs
  2 ball pythons
  6 hobgoblins
  5 jackals
  8 kobolds
  5 bats
  3 frilled lizards
  4 goblins
  5 rats
52 creatures vanquished.

Notes
Turn   | Place    | Note
-------+----------+-------------------------------------------
     0 | D:1      | Danwar the Tengu Monk began the quest for the Orb.
     0 | D:1      | Reached XP level 1. HP: 14/14 MP: 2/2
   175 | D:1      | Reached XP level 2. HP: 12/19 MP: 3/3
   797 | D:2      | Reached XP level 3. HP: 17/23 MP: 4/4
  1044 | D:2      | Noticed Jessica
  1056 | D:2      | Killed Jessica
  1056 | D:2      | Reached XP level 4. HP: 12/28 MP: 5/5
  2160 | D:3      | Noticed Terence
  2175 | D:3      | Killed Terence
  2317 | D:3      | Gained mutation: You can fly. [Tengu growth]
  2317 | D:3      | Reached XP level 5. HP: 33/33 MP: 6/6
  2566 | D:3      | Found a bloodstained altar of Trog.
  2694 | D:4      | Got a brightly glowing brass ring
  2750 | D:4      | Identified the ring "Paeng" {*Slow rElec rN++ Dex+4 Stlth+}
                  | (You found it on level 4 of the Dungeon)
  2771 | D:4      | Found a blossoming altar of Fedhas.
  2887 | D:4      | Reached skill level 1 in Armour
  2910 | D:4      | Noticed a slave
  2925 | D:4      | Noticed Pikel
  2925 | D:4      | Noticed a slave
  2937 | D:4      | Gained mutation: You are partially covered in slimy green
                  | scales. (AC +2) [potion of mutation]
  2937 | D:4      | Gained mutation: You can translocate small distances at
                  | will. [potion of mutation]
  2937 | D:4      | Gained mutation: Your natural rate of healing is unusually
                  | fast. [potion of mutation]
  2937 | D:4      | Slain by Pikel

Vault maps used:
D:1:      dpeg_arrival_ternary
D:2:      serial_curves, eino_curves_01, eino_curves_03, uniq_jessica
D:3:      trog_butcher_becter, uniq_terence
D:4:      minmay_temple_entry_glassed_door, first_ration, minivault_23,
          fedhas_altar_3, uniq_pikel

Skill      XL: |  1  2  3  4  5 |
---------------+----------------+-----
Dodging        | 4 |  4.3
Polearms       | 4 |  4.6
Stealth        | 3 |  3.1
Armour         | 1 |  1.1
Fighting       | |  3.9

Action                   |  1- 3 |  4- 6 || total
-------------------------+-------+-------++-------
Melee: Spear             |    56 |   100 ||   156
       Kick              |    16 |    27 ||    43
       Peck              |     2 |    12 ||    14
  Use: Scroll            |     2 |     6 ||     8
       Potion            |       |     3 ||     3
 Stab: Sleeping          |     3 |     3 ||     6
  Eat: Ration            |       |     3 ||     3
Armor: Robe              |     3 |       ||     3
       Leather armour    |     2 |     1 ||     3
       Chain mail        |       |    33 ||    33
       Ring mail         |       |     1 ||     1
Dodge: Dodged            |    24 |    32 ||    56
Block: Other             |     6 |    12 ||    18
       Reflection        |     2 |       ||     2

Table legend:
 A = Non-vault XP
 B = Vault XP
 C = Vault XP percentage of total XP
 D = Non-vault monster count
 E = Vault monster count
 F = Vault count percentage of total count
                 A         B        C        D         E       F
            +---------+---------+-------+---------+---------+-------
      Total |     191 |      83 |  30.3 |      46 |       6 |  11.5
            +---------+---------+-------+---------+---------+-------
        D:1 |      29 |       0 |   0.0 |      17 |       0 |   0.0
        D:2 |      29 |      37 |  56.1 |      10 |       1 |   9.1
        D:3 |      47 |      46 |  49.5 |      11 |       5 |  31.2
        D:4 |      86 |       0 |   0.0 |       8 |       0 |   0.0
            +---------+---------+-------+---------+---------+-------
